Map: Central Protocol

Players

Wolfie

  • Race: Terran Terran
  • League: Silver

NaXx - Winner!

  • Race: Zerg Zerg

VOD

Have the link to the VOD?

Description

Time

  • Played on: Dec. 8, 2015, 7:32 a.m.
  • Length: 8:25
Show
View Real Time Build Order
Export as new Build Order

Wolfie Terran 

Build Orders: Reaper Expand 

Get SALT Encoding   

  12  0:01  SCV  
  13  0:22  Supply Depot  
  13  0:23  SCV  
  14  0:35  SCV  
  15  0:45  Barracks  
  15  0:47  SCV  
  16  0:52  Refinery  
  16  0:59  SCV  
  17  1:11  SCV  
  19  1:32  Orbital Command  
  18  1:35  Supply Depot  
  18  1:42  Reaper  
  19  1:58  SCV  
  20  2:03  Command Center  
  20  2:16  Factory  
  20  2:30  Barracks Tech Lab  
  20  2:33  SCV  
  21  2:40  Refinery  
  21  2:45  SCV  
  22  3:06  Barracks Reactor  
  22  3:10  Hellion  
  24  3:14  Engineering Bay  
  24  3:31  Hellion  
  24  3:32  SCV  
  27  3:44  SCV  
  28  3:49  Armory  
  28  3:51  Marine x2  
  30  3:57  SCV  
  31  4:09  SCV  
  30  4:21  SCV  
  31  4:25  SCV  
  32  4:37  SCV, Terran Infantry Armor Level 1  
  33  4:42  Terran Vehicle And Ship Armor Level 1  
  33  4:47  Starport  
  33  4:48  Hellion x2  
  35  5:28  Barracks  
  35  5:29  Hellion  
  37  5:42  Stimpack  
  37  5:43  Marine  
  37  5:47  Barracks  
  37  5:48  Barracks  
  38  5:50  Barracks  
  38  6:01  Marauder  
  43  6:23  Marauder  
  45  6:44  Marauder  
  44  6:49  Widow Mine  
  46  7:04  Liberator  
  46  7:05  Liberator  
  46  7:07  Supply Depot  
  46  7:08  Supply Depot  
  46  7:09  Supply Depot x2  
  46  7:21  Marine x4  
  46  7:22  Widow Mine  
  44  7:23  Marauder  
  39  7:44  Marine  
  39  7:45  Marine x4  
  39  7:50  Widow Mine  
  31  8:02  Marine  
  31  8:03  Marine x3  
Show
View Real Time Build Order
Export as new Build Order

NaXx Zerg - Winner!

Build Orders: Hatch First 

Get SALT Encoding   

  12  0:01  Drone  
  13  0:08  Drone  
  14  0:19  Overlord  
  14  0:26  Drone, Extractor  
  15  0:37  Drone x2  
  17  0:57  Drone  
  17  0:59  Hatchery  
  17  1:03  Drone  
  18  1:09  Drone, Extractor  
  18  1:23  Spawning Pool  
  18  1:24  Drone  
  18  1:36  Drone  
  18  1:39  Overlord  
  19  1:48  Drone  
  21  2:01  Drone  
  21  2:09  Queen  
  21  2:11  Zergling x2  
  21  2:12  Queen  
  26  2:16  Drone  
  26  2:18  Metabolic Boost  
  28  2:22  Drone  
  28  2:23  Drone  
  29  2:34  Drone x2  
  31  2:42  Overlord  
  31  2:47  Drone  
  32  2:54  Drone  
  32  2:55  Drone  
  34  3:07  Evolution Chamber, Drone  
  34  3:08  Evolution Chamber, Drone  
  34  3:10  Extractor  
  33  3:26  Drone x5  
  38  3:33  Zerg Melee Weapons Level 1  
  38  3:41  Extractor  
  38  3:42  Drone  
  38  3:43  Drone x2  
  40  3:52  Zergling x4  
  42  3:56  Zerg Ground Armor Level 1  
  42  4:01  Drone x2  
  43  4:16  Hatchery, Overlord x3, Extractor  
  41  4:18  Lair  
  41  4:24  Queen  
  43  4:43  Zergling x2  
  43  4:44  Zergling x20  
  54  4:50  Baneling Nest  
  53  5:00  Drone x2  
  55  5:12  Drone  
  55  5:13  Drone x2  
  58  5:21  Spire  
  58  5:26  Drone x4  
  58  5:27  Drone  
  62  5:30  Drone  
  63  5:38  Zerg Melee Weapons Level 2  
  63  5:39  Centrifical Hooks  
  63  5:42  Baneling x4  
  63  5:43  Baneling x3  
  63  5:45  Overseer  
  63  5:50  Drone  
  63  5:51  Drone x4  
  63  5:52  Drone  
  69  6:06  Drone x4  
  69  6:09  Extractor  
  69  6:10  Zergling x2  
  69  6:11  Overlord x2  
  73  6:29  Zergling x2  
  73  6:30  Zergling x20  
  84  6:39  Overlord x2  
  83  6:54  Overlord x5  
  83  6:58  Baneling x5  
  83  6:59  Baneling x4  
  83  7:06  Drone  
  83  7:07  Drone x3  
  83  7:08  Drone x2  
  82  7:29  Zergling x2  
  82  7:30  Zergling x20  
  92  7:42  Baneling  
  92  7:43  Baneling x4  
  91  7:50  Zergling x10  
  90  8:01  Zergling x6  
  90  8:03  Extractor  
  90  8:05  Drone x6  
Tags
 
Add a new tag
Caveats
  • Supply blocks, unpowered buildings, or Contaminate may cause inaccurate times.
  • Supply counts are checked every 10 seconds.